 Dungeon Crawl Stone Soup version 0.26.1-11-gd32895ea62 (webtiles) character file.

Game seed: 8272783962316586452

625 Revguard the Insei (level 7, -2/55 HPs)
             Began as a Demigod Transmuter on Apr 28, 2021.
             Slain by a centaur zombie (6 damage)
             ... on level 5 of the Dungeon.
             The game lasted 00:10:24 (3566 turns).

Revguard the Insei (Demigod Transmuter)             Turns: 3566, Time: 00:10:26

Health: -2/55      AC:  3    Str: 15    XL:     7   Next: 2%
Magic:  9/14       EV: 13    Int: 19    God:
Gold:   182        SH:  0    Dex: 16    Spells: 2/12 levels left

rFire    . . .     SeeInvis .     - Unarmed
rCold    . . .     Faith    .   (no shield)
rNeg     . . .     Spirit   .   f - +0 leather armour
rPois    .         Reflect  .   (helmet currently unavailable)
rElec    .         Harm     .   (no cloak)
rCorr    .         Rampage  .   (no gloves)
Will     .....                  (boots currently unavailable)
Stlth    ++........             (no amulet)
HPRegen  0.18/turn              (no ring)
MPRegen  0.14/turn              (no ring)

@: appendages
A: horns 2, talons 2, high mp 1
a: End Transformation


You were on level 5 of the Dungeon.
You had grown temporary horns.
You had grown temporary talons.
You visited 1 branch of the dungeon, and saw 5 of its levels.

You collected 182 gold pieces.

Inventory:

Armour
 a - a +0 robe
 f - a +0 leather armour (worn)
Scrolls
 b - a scroll of enchant weapon
 c - 3 scrolls of teleportation
 d - 2 scrolls of identify
 h - a scroll of fear
 k - 2 scrolls of remove curse {unknown}
Potions
 g - a potion of flight {unknown}
 i - a potion of cancellation {unknown}
 j - a potion of magic {unknown}


   Skills:
 * Level 2.0 Fighting
 + Level 0.7 Armour
 * Level 3.1 Dodging
 + Level 0.9 Stealth
 + Level 4.8 Unarmed Combat
 + Level 3.0 Spellcasting
 * Level 3.2 Transmutations
 * Level 0.8 Ice Magic
 * Level 1.8 Poison Magic


You had 2 spell levels left.
You knew the following spells:

 Your Spells              Type           Power        Failure   Level
a - Beastly Appendage     Tmut           30%          4%          1
b - Wereblood             Tmut           15%          8%          2
c - Spider Form           Tmut/Pois      6%           21%         3
d - Ice Form              Ice/Tmut       10%          63%         4

Your spell library contained the following spells:

 Spells                   Type           Power        Failure   Level
 Blade Hands              Tmut           7%           80%         5


Dungeon Overview and Level Annotations

Branches:
Dungeon (6/15)             Temple (0/1) D:5

Annotations:
D:2 Natasha


Innate Abilities, Weirdness & Mutations

You have an increased reservoir of magic. (+10% MP)
You have a pair of horns on your head.
You have razor-sharp toenails.


Message History

You feel sick. The centaur zombie misses you.
You hit the centaur zombie.
The centaur zombie is severely damaged.
Your transformation has ended.
Your +0 leather armour unmelds from your body.
The centaur zombie hits you.
* * * LOW HITPOINT WARNING * * *
You hit the centaur zombie.
The centaur zombie is almost destroyed.
The centaur zombie barely misses you.
You hit the centaur zombie.
The centaur zombie is almost destroyed.
The centaur zombie misses you.
Casting: Spider Form (dangerous; 21% risk of failure)
Confirm with . or Enter, or press ? or * to list all spells.
You grow a pair of large bovine horns.
Your feet morph into talons.
You feel sick.
You are no longer poisoned.
The centaur zombie hits you.
You die...

...###
#.....#≈≈8.8≈≈#.......... ####
##########'####.......... #
#####.....#># #....###### #
###.....#...#########.......
####...####..#......>.[........
?.....#....Z....#########......
.........Z..##.## #......
......#..#####†# #...... ##
#..## #@# #....._
#..#######Z#### #####..
..@.##........<.# ##.
....####......)..(# #. ...
............# #. ..
##..........# ## . #..........#
#.$........# #..........#


You could see a centaur zombie.

Vanquished Creatures
  Sigmund (D:5)
  Edmund (D:5)
  A phantom (D:5)
  A hound (D:5)
  An orc priest (D:5)
  An orc wizard (D:5)
  Natasha (D:2)
  A worker ant (D:5)
  3 adders
  An ufetubus (D:5)
  An adder skeleton (D:5)
  4 worms (D:2)
  A dart slug (D:2)
  4 leopard geckos
  4 orcs
  A ball python (D:2)
  5 bats
  8 giant cockroaches
  10 goblins
  9 hobgoblins
  2 quokkas (D:2)
  9 frilled lizards
  4 kobolds
  4 rats
78 creatures vanquished.

Notes
Turn   | Place    | Note
-------+----------+-------------------------------------------
     0 | D:1      | Revguard the Demigod Transmuter began the quest for the
                  | Orb.
     0 | D:1      | Reached XP level 1. HP: 15/15 MP: 5/5
   150 | D:1      | Reached skill level 3 in Unarmed Combat
   330 | D:1      | Reached XP level 2. HP: 22/22 MP: 5/7
   333 | D:1      | Learned a level 2 spell: Wereblood
  1068 | D:2      | Reached XP level 3. HP: 26/27 MP: 6/8
  1109 | D:2      | Noticed Natasha
  1122 | D:2      | Killed Natasha
  1134 | D:2      | Learned a level 3 spell: Spider Form
  1532 | D:2      | Reached XP level 4. HP: 34/34 MP: 6/10
  2101 | D:2      | Found a bloodstained altar of Trog.
  2203 | D:2      | Noticed Natasha
  2879 | D:3      | You fall into a shaft and drop 3 floors!
  2880 | D:6      | Noticed a centaur
  2880 | D:6      | Noticed a bullfrog
  2886 | D:6      | Reached skill level 1 in Fighting
  2890 | D:5      | Entered Level 5 of the Dungeon
  2955 | D:5      | Found a hide-covered altar of Uskayaw.
  2956 | D:5      | Noticed a phantom
  2970 | D:5      | Reached XP level 5. HP: 40/40 MP: 3/11
  2973 | D:5      | Reached skill level 4 in Unarmed Combat
  2979 | D:5      | Reached skill level 1 in Poison Magic
  2995 | D:5      | Killed a phantom
  3079 | D:5      | Found a sparkling altar of Nemelex Xobeh.
  3161 | D:5      | Reached XP level 6. HP: 32/47 MP: 11/13
  3166 | D:5      | Learned a level 4 spell: Ice Form
  3309 | D:5      | Noticed Edmund
  3322 | D:5      | Killed Edmund
  3460 | D:5      | Found a staircase to the Ecumenical Temple.
  3517 | D:5      | Noticed Sigmund
  3554 | D:5      | Killed Sigmund
  3555 | D:5      | Reached XP level 7. HP: 10/55 MP: 8/14
  3566 | D:5      | Slain by a centaur zombie

Illustrated notes

Levels and vault maps discovered:
D:1:      zaba_arrival_water, layout_loops_cross
D:2:      layout_loops_corners, lightli_temple_of_fire, minmay_heptomino_w4,
          uniq_natasha
D:3:      layout_rooms, dk_vineyard_1
D:5:      layout_rooms, overflow_temple_1_default, temple_hall_moat,
          basic_altar, uniq_edmund, uniq_sigmund
D:6:      minmay_chambers_of_sixes, layout_cave_pools, uniq_blork_the_orc,
          uniq_duvessa

Skill      XL: |  1  2  3  4  5  6 |
---------------+-------------------+-----
Unarmed Combat | 3 4 |  4.8
Spellcasting   | 2 3 |  3.0
Dodging        | 2 3 |  3.1
Transmutations | 2 3 |  3.2
Fighting       | 1 2 |  2.0
Poison Magic   | 1 |  1.8
Armour         | |  0.7
Stealth        | |  0.9
Ice Magic      | |  0.8

Action                   |  1- 3 |  4- 6 |  7- 9 || total
-------------------------+-------+-------+-------++-------
Melee: Unarmed           |    78 |   123 |     7 ||   208
       Kick              |    22 |    19 |       ||    41
       Headbutt          |    14 |    18 |       ||    32
       Punch             |       |     2 |       ||     2
 Cast: Beastly Appendage |    21 |    17 |     1 ||    39
       Wereblood         |     2 |     3 |       ||     5
       Spider Form       |       |     4 |       ||     4
  Use: Scroll            |     2 |     5 |       ||     7
       Potion            |     1 |     2 |       ||     3
 Stab: Sleeping          |     2 |       |       ||     2
Armor: Robe              |    16 |    11 |       ||    27
       Skin              |       |     3 |       ||     3
       Leather armour    |       |     3 |       ||     3
Dodge: Dodged            |    46 |    93 |     9 ||   148
